 Dungeon Crawl Stone Soup version 0.22.0-27-ga576289 (console) character file.

21 removed the Sneak (level 2, 20/20 HPs)
             Began as a Ghoul Enchanter on Aug 21, 2018.
             Was a Follower of Sif Muna.
             Quit the game on level 2 of the Dungeon.
             The game lasted 00:01:11 (1498 turns).

removed the Sneak (Ghoul Enchanter)                 Turns: 1498, Time: 00:01:11

Health: 20/20      AC: 10    Str: 11    XL:     2   Next: 87%
Magic:  3/3        EV:  5    Int: 10    God:    Sif Muna [*.....]
Gold:   11         SH:  0    Dex:  9    Spells: 3/4 levels left

rFire    . . .     SeeInvis .   a - +1 dagger
rCold    + . .     Gourm    .   (no shield)
rNeg     + + +     Faith    .   i - +2 chain mail {rPois}
rPois    ∞         Spirit   .   (no helmet)
rElec    .         Reflect  .   (no cloak)
rCorr    .         Harm     .   (no gloves)
MR       .....                  (no boots)
Stlth    ..........             (no amulet)
HPRegen  0.06/turn              (no ring)
MPRegen  0.08/turn              (no ring)

@: rotting
A: rotting body, claws 1, carnivore, cold resistance 1, negative energy
resistance 3, inhibited regeneration, torment resistance, unbreathing
a: Divine Energy, Renounce Religion


You were on level 2 of the Dungeon.
You worshipped Sif Muna.
Sif Muna was aware of your devotion.
You were not hungry.

You visited 1 branch of the dungeon, and saw 2 of its levels.

You collected 11 gold pieces.

Inventory:

Hand Weapons
 a - a +1 dagger (weapon)
Armour
 b - a +0 robe
 i - a +2 chain mail of poison resistance (worn)
Scrolls
 e - 2 scrolls of identify {unknown}
 g - a scroll of amnesia {unknown}
Potions
 f - a potion of brilliance {unknown}
 j - a potion of curing {unknown}
 k - a potion of might {unknown}
 l - a potion of resistance {unknown}
Comestibles
 d - 2 rations


   Skills:
 - Level 0.8 Short Blades
 - Level 1.7 Dodging
 - Level 3.2 Stealth
 + Level 2.6 Unarmed Combat
 - Level 1.7 Spellcasting
 - Level 2.4 Hexes


You had 3 spell levels left.
You knew the following spells:

 Your Spells              Type           Power        Failure   Level  Hunger
a - Corona                Hex            #......      100%        1    ##.....

Your spell library contained the following spells:

 Spells                   Type           Power        Failure   Level  Hunger
 Ensorcelled Hibernation  Hex/Ice        #.....       100%        2    ###....
 Confuse                  Hex            #.......     100%        3    ####...
 Dazzling Spray           Conj/Hex       #.....       100%        3    ####...
 Tukima's Dance           Hex            #.......     100%        3    ####...


Dungeon Overview and Level Annotations

Branches:
Dungeon (2/15)

Altars:
Sif Muna


Innate Abilities, Weirdness & Mutations

Your body is rotting away.
You thrive on raw meat.
You are immune to poison.
You have sharp fingernails.
You are carnivorous and can eat meat at any time.
Your flesh is cold resistant. (rC+)
You are immune to negative energy. (rN+++)
You do not regenerate when monsters are visible.
You are immune to unholy pain and torment.
You can survive without breathing.


Message History

m - 2 chunks of flesh You see here a dagger.
Eating one of 2 chunks of flesh.
You eat one of the 2 chunks of flesh.
You feel more resilient.
This raw flesh tastes great!
Eating a chunk of flesh.
You eat the chunk of flesh.
You feel more resilient.
This raw flesh tastes great!
HP restored.
Found 13 sling bullets.
Found a faded altar of an unknown god.
Found an escape hatch in the ceiling.
There is a faded altar of an unknown god here.
You cannot tell which god this altar belongs to.
Convert to them anyway?
Okay, then.
Unknown command.
Press < or > to pray at altars.
You cannot tell which god this altar belongs to.
Convert to them anyway?
Sif Muna accepts your prayer! Sif Muna welcomes you!
You can now request divine energy to cast spells with insufficient magic.
Are you sure you want to abandon this character and quit the game? (Confirm with "yes".)

#######
####...(.#
#.....#..#
#.##.#@#.#
#####.##..#...#
#.....##......#
##......##.....#
#.#####.###<####
#.......###.##
#.#>...........
#.#)..###.###
#.#.....#.#


There were no monsters in sight!

Vanquished Creatures
  A dart slug (D:1)
  2 giant cockroaches (D:1)
  3 hobgoblins (D:1)
  2 bats (D:1)
  2 frilled lizards (D:1)
  2 goblins
  2 kobolds (D:1)
  8 rats
22 creatures vanquished.

Notes
Turn   | Place    | Note
-------+----------+-------------------------------------------
     0 | D:1      | removed the Ghoul Enchanter began the quest for the Orb.
     0 | D:1      | Reached XP level 1. HP: 14/14 MP: 2/2
   414 | D:1      | Reached skill level 1 in Unarmed Combat
   671 | D:1      | Reached XP level 2. HP: 16/20 MP: 3/3
  1490 | D:2      | Found a faded altar of an unknown god.
  1497 | D:2      | Became a worshipper of Sif Muna the Loreminder
  1497 | D:2      | Reached * piety under Sif Muna
  1498 | D:2      | Quit the game

Skill      XL: |  1  2 |
---------------+-------+-----
Unarmed Combat | 1 2 |  2.6
Short Blades   | |  0.8
Dodging        | |  1.7
Stealth        | |  3.2
Spellcasting   | |  1.7
Hexes          | |  2.4

Action                   || total
-------------------------++-------
Melee: Dagger            ||   113
 Stab: Sleeping          ||     1
  Eat: Chunk             ||     3
Armor: Robe              ||    15
       Chain mail        ||    38
Dodge: Dodged            ||    55
